[Event "*** SCC Grand Prix: Titled Tuesday Blitz"]
[Site "Chess.com"]
[Date "2020.08.25"]
[Round "2"]
[White "hellokostya"]
[Black "timator"]
[Result "1-0"]
[WhiteElo "2471"]
[BlackElo "2666"]
[TimeControl "180+1"]
[EndTime "10:19:05 PDT"]
[Termination "hellokostya won by resignation"]

1. d4 Nf6 2. c4 e6 3. Nf3 b6 4.
g3 Ba6 5. b3 Bb4+ 6. Bd2 Be7 7.
Nc3 d5 8. cxd5 exd5 9. Bg2 O-O 10. O-O c6 11. Qc2 Nbd7 12. Rfd1 Bb4 13. Bf4 Bxc3 14. Qxc3 Bxe2 15. Re1 Bxf3 16. Bxf3 Rc8 17. a4 Re8 18. h4 h6 19. Kg2 Ne4 20. Qc2 f5 21. Be2 g5 22. hxg5 hxg5 23. Be3 Qf6 24. Rh1 Nxg3 25. Kxg3 Nf8 26. Kg2 Ng6 27. Bh5 Kg7 28. Bxg6 Qxg6 29. Rh2 Re4 30. Rah1 f4 31. Rh7+ Kf8 32.
Rh8+ Ke7 33. R1h7+ Kf6 34. Rh6 f3+ 35. Kf1 Rxh8 36.
Qxc6+ Kf5 37. Qxg6+ 1-0

[Event "*** SCC Grand Prix: Titled Tuesday Blitz"]
[Site "Chess.com"]
[Date "2020.08.25"]
[Round "2"]
[White "LubovMarkelova"]
[Black "JoySpaceman"]
[Result "0-1"]
[WhiteElo "2250"]
[BlackElo "2455"]
[TimeControl "180+1"]
[EndTime "10:19:06 PDT"]
[Termination "JoySpaceman won by resignation"]

1. d4 Nf6 2. Nf3 e6 3. Bf4 c5 4. e3 Qb6 5. Nc3 a6 6. Na4 Qa5+ 7. c3 cxd4 8. exd4 d6 9. b4 Qc7 10. Bd3 b5 11. Nc5 Qc6 12. Nb3 Qxc3+ 13. Qd2 Qxd2+ 14.
Nfxd2 Bb7 15. O-O Nc6 16. a3 Be7 17. Rac1 O-O 18. Ne4 Nxe4 19. Bxe4 Rac8 20. Bf3 Ba8 21. Rc2 Na7 22. Rxc8 Rxc8 23. Bxa8 Rxa8 24. Rc1 Rc8 25. Na5 Rxc1+ 26. Bxc1 Kf8 27. Kf1 Ke8 28. Ke2 Kd7 29. Kd3 Nc6 30. Nb3 Bf6 31. f4 h5 32. h3 h4 33. Be3 Ne7 34. Bf2 Nf5 35. Nd2 Kc6 36. Nf3 Kd5 37. Kc3 Ke4 38. Nd2+ Kxf4 0-1

[Event "*** SCC Grand Prix: Titled Tuesday Blitz"]
[Site "Chess.com"]
[Date "2020.08.25"]
[Round "2"]
[White "LikeWater"]
[Black "KatarinaOstojic"]
[Result "0-1"]
[WhiteElo "2608"]
[BlackElo "2305"]
[TimeControl "180+1"]
[EndTime "10:19:07 PDT"]
[Termination "KatarinaOstojic won by resignation"]

1. e4 c5 2. Nf3 d6 3. Nc3 Nf6 4. e5 dxe5 5. Nxe5 e6 6. Bb5+ Bd7 7. Nxd7 Nbxd7 8. O-O Be7 9. d4 O-O 10. d5 exd5 11.
Nxd5 a6 12. Nxe7+ Qxe7 13. Re1 Qd8 14. Bf1 Nb6 15. Bg5 Qxd1 16. Raxd1 Nfd5 17. a4 f6 18. Bh4 Rad8 19. a5 Na8 20. Rxd5 Rxd5 21. Bc4 Nc7 22. Bg3 Kh8 23. Bxc7 Rd4 24. b3 h6 25. g3 Rc8 26. Bf4 Rcd8 27. Kg2 Kh7 28. Be3 Rd1 29. Rxd1 Rxd1 30. Bxc5 Kg6 31. Kf3 f5 32. h4 Kf6 33.
Bb4 g5 34. Bc3+ Kg6 35. hxg5 hxg5 36. Bd3 Rh1 37. g4 Rh4 38. Bxf5+ Kf7 39. Be4 Rh3+ 40.
Kg2 Rxc3 41. Bxb7 Rxc2 42. Bxa6 Ra2 43. b4 Ra4 44. Bc4+ Ke7 45. b5 Rxc4 46. a6 Rxg4+ 47. Kf3 Rf4+ 48. Ke3 Kd7 49. a7 Ra4 50. b6 Kc6 0-1

[Event "*** SCC Grand Prix: Titled Tuesday Blitz"]
[Site "Chess.com"]
[Date "2020.08.25"]
[Round "2"]
[White "Andreikka"]
[Black "GelmanAlexander"]
[Result "0-1"]
[WhiteElo "2832"]
[BlackElo "2546"]
[TimeControl "180+1"]
[EndTime "10:19:09 PDT"]
[Termination "GelmanAlexander won on time"]

1. c4 c5 2. Nf3 Nf6 3. Nc3 e6 4. d4 cxd4 5. Nxd4 d6 6. e4 a6 7. Be2 Nbd7 8. O-O Be7 9. Be3 Qc7 10. Rc1 O-O 11. f4 Re8 12. b4 Bf8 13. a3 b6 14. Bd3 Bb7 15. h3 g6 16. Qf3 Bg7 17.
Rfd1 Rac8 18. Qf2 Qb8 19. Nf3 Ba8 20. Bd4 Red8 21. Re1 Rf8 22. Bf1 Rfd8 23. e5 Nh5 24. Qh4 Bxf3 25. gxf3 dxe5 26. Bf2 exf4 27. Ne4 Ne5 28. Be2 Nd3 29. Bxd3 Rxd3 30. Kg2 Rxa3 31. c5 bxc5 32. bxc5 Qb3 33. Nd2 Qd3 34. Red1 Qe2 35. Qe7 Rd3 36. Qb7 Rcd8 37. Qxa6 Bd4 38. Ne4 Qxf3+ 39. Kh2 Qxh3+ 40. Kg1 Qg4+ 0-1

[Event "*** SCC Grand Prix: Titled Tuesday Blitz"]
[Site "Chess.com"]
[Date "2020.08.25"]
[Round "2"]
[White "Jumbo"]
[Black "anon569"]
[Result "1-0"]
[WhiteElo "2790"]
[BlackElo "2327"]
[TimeControl "180+1"]
[EndTime "10:19:10 PDT"]
[Termination "Jumbo won on time"]

1. e4 c5 2. Nf3 d6 3. d4 cxd4 4.
Nxd4 Nf6 5. f3 a6 6. c4 g6 7. Nc3 Bg7 8. Be3 Nc6 9. Be2 O-O 10. Qd2 Ne8 11. O-O Nc7 12. Nb3 Rb8 13. Rac1 Ne6 14. Rfd1 Na5 15. Nd5 Nxb3 16. axb3 Bd7 17. Bb6 Qe8 18.
Qe3 Bc6 19. Rd2 h5 20. f4 Bh6 21. g3 Ng7 22. c5 dxc5 23. Bxc5 Bxd5 24. Rxd5 Rc8 25.
Rcd1 Ne6 26. Ba3 Qc6 27. Bxe7 Rfe8 28. Bb4 Nc7 29. R5d4 b5 30. e5 Ne6 31. Rd6 Qc2 32. R6d2 Qc7 33. Bd6 Qc6 34. Bf3 Qd7 35. h4 1-0

[Event "*** SCC Grand Prix: Titled Tuesday Blitz"]
[Site "Chess.com"]
[Date "2020.08.25"]
[Round "2"]
[White "RodinMihail"]
[Black "ShimanovAlex"]
[Result "0-1"]
[WhiteElo "2500"]
[BlackElo "2764"]
[TimeControl "180+1"]
[EndTime "10:19:11 PDT"]
[Termination "ShimanovAlex won by checkmate"]

1. e4 c6 2. d4 d5 3. e5 Bf5 4. Nc3 e6 5. g4 Bg6 6. Nge2 Bb4 7. h4 h6 8. a3 Bxc3+ 9. Nxc3 Ne7 10. h5 Bh7 11.
Be3 Nd7 12. Bd3 Bxd3 13. Qxd3 Qc7 14. Ne2 c5 15. c3 Qb6 16. O-O cxd4 17. cxd4 O-O 18.
f4 f6 19. b4 Qd8 20. Kg2 Qe8 21. Rac1 Nb6 22. Rc7 Rb8 23. exf6 Rxf6 24. f5 Nc4 25.
Bf4 exf5 26. Be5 Nxe5 27. dxe5 Re6 28. Qd4 Nc6 29. Qxd5 Rd8 30. Qb3 Kh7 31. gxf5 Rxe5 32. Ng3 Rd2+ 33. Kg1 Nd4 34. Qf7 Qxf7 35. Rxf7 Re3 36.
Nh1 Nf3+ 37. Rxf3 Rxf3 38. Rxb7 Rxa3 39. f6 Ra1# 0-1

[Event "*** SCC Grand Prix: Titled Tuesday Blitz"]
[Site "Chess.com"]
[Date "2020.08.25"]
[Round "2"]
[White "nocnypako"]
[Black "The_Machine04"]
[Result "1-0"]
[WhiteElo "2601"]
[BlackElo "2286"]
[TimeControl "180+1"]
[EndTime "10:19:11 PDT"]
[Termination "nocnypako won on time"]

1. d4 d6 2. e4 Nf6 3. Nc3 e5 4. Nf3 Nbd7 5. h3 c6 6. Bc4 Be7 7. dxe5 dxe5 8. Be3 O-O 9. a4 a5 10. O-O Qc7 11. Qe2 Rd8 12. Nd2 Nc5 13. f3 Be6 14. Rfd1 Rd7 15. Bxc5 Bxc5+ 16. Kh2 Bxc4 17. Qxc4 Be3 18.
Nb3 Nh5 19. Rxd7 Qxd7 20. Rd1 Bf4+ 21. Kg1 Qe7 22. Ne2 Be3+ 23. Kh2 Rd8 24. Rxd8+ Qxd8 25. Qc3 Bf4+ 26. Nxf4 exf4 27. Qxa5 Qxa5 28. Nxa5 Nf6 29. Nxb7 Nd7 30. Nd8 c5 31. a5 Nb8 32. Nb7 Na6 33.
g3 fxg3+ 34. Kxg3 Kf8 35. Kf4 Ke7 36. Ke5 Kd7 37. Kd5 Nb4+ 38. Kxc5 Nxc2 39. a6 Kc7 40. Nd6 Na1 41. a7 Nb3+ 42. Kb4 Nd4 43. a8=Q Kxd6 44. Qd5+ 1-0

[Event "*** SCC Grand Prix: Titled Tuesday Blitz"]
[Site "Chess.com"]
[Date "2020.08.25"]
[Round "2"]
[White "Harsha_Bharathakoti"]
[Black "RenarddesSurfaces"]
[Result "1-0"]
[WhiteElo "2829"]
[BlackElo "2514"]
[TimeControl "180+1"]
[EndTime "10:19:12 PDT"]
[Termination "Harsha_Bharathakoti won by checkmate"]

1. d4 d5 2. c4 dxc4 3. e4 e5 4. Nf3 exd4 5. Bxc4 Bb4+ 6. Nbd2 Nc6 7. a3 Bxd2+ 8. Bxd2 Qf6 9. O-O Nge7 10. e5 Qg6 11. Re1 Bg4 12. h3 Bxf3 13. Qxf3 O-O 14. e6 f6 15. Bf4 Ne5 16. Qb3 b6 17. Bxe5 fxe5 18. Rxe5 c5 19. Rae1 Rad8 20. Bd3 Qf6 21. Qc2 g6 22. b4 Rd5 23. Rxd5 Nxd5 24. bxc5 bxc5 25.
Bc4 Ne7 26. Re2 Kg7 27. Qa4 Qf4 28. Qxa7 Kf6 29. Qxc5 Rc8 30. Qa5 Qc1+ 31. Kh2 Qxc4 32. Qe5# 1-0

[Event "*** SCC Grand Prix: Titled Tuesday Blitz"]
[Site "Chess.com"]
[Date "2020.08.25"]
[Round "2"]
[White "MarcoRiehle"]
[Black "VinzentSpitzl"]
[Result "1-0"]
[WhiteElo "2725"]
[BlackElo "2369"]
[TimeControl "180+1"]
[EndTime "10:19:12 PDT"]
[Termination "MarcoRiehle won by resignation"]

1. e4 c6 2. c4 d5 3. exd5 cxd5 4.
cxd5 Nf6 5. Nc3 g6 6. Bc4 Bg7 7. Nf3 O-O 8. O-O Nbd7 9. d3 a6 10. a4 b6 11. Re1 Bb7 12. Qb3 Nc5 13. Qa2 b5 14. Bb3 Nxd3 15. Rd1 Nc5 16. Be3 Nce4 17.
Bd4 b4 18. Nxe4 Nxe4 19. Qb1 Nd6 20. Bxg7 Kxg7 21. Qd3 a5 22. h4 Qb6 23. h5 Ba6 24.
Qd2 Nf5 25. g4 Nd6 26. Re1 Rfe8 27. Qf4 f6 28. Re6 Bc8 29. Re2 Ba6 30. Re6 Bc8 31.
Re3 Bd7 32. Rae1 Qd8 33. h6+ Kg8 34. g5 Bf5 35. gxf6 exf6 36. Rxe8+ Nxe8 37. d6+ Kh8 38. Rd1 Ra7 39. Qc4 1-0

[Event "*** SCC Grand Prix: Titled Tuesday Blitz"]
[Site "Chess.com"]
[Date "2020.08.25"]
[Round "2"]
[White "RobertoJBM"]
[Black "MariaFominykh"]
[Result "1-0"]
[WhiteElo "2633"]
[BlackElo "2293"]
[TimeControl "180+1"]
[EndTime "10:19:13 PDT"]
[Termination "RobertoJBM won on time"]

1. d4 Nf6 2. c4 g6 3. Nc3 Bg7 4. e4 d6 5. f3 O-O 6. Be3 c5 7. dxc5 dxc5 8. Qxd8 Rxd8 9. Bxc5 Nc6 10. Rd1 Rxd1+ 11. Kxd1 Nd7 12. Ba3 e6 13. Nge2 Nde5 14. Nc1 Na5 15. b3 Nexc4 16. Bxc4 Nxc4 17. bxc4 Bxc3 18. Kc2 Bf6 19. Bb2 Bxb2 20. Kxb2 b6 21. Nb3 Ba6 22. Rc1 Kf8 23. Kc3 Rc8 24. Kb4 Ke7 25. a4 Rd8 26. a5 f5 27. axb6 axb6 28. e5 Rc8 29. f4 h6 30. h4 Bb7 31. g3 Be4 32. Rd1 Rc7 33. Rd6 Rb7 34. Nd4 Kf7 35. Nxe6 1-0

[Event "*** SCC Grand Prix: Titled Tuesday Blitz"]
[Site "Chess.com"]
[Date "2020.08.25"]
[Round "2"]
[White "Chessdemon2019"]
[Black "frequentblunders"]
[Result "0-1"]
[WhiteElo "2352"]
[BlackElo "2128"]
[TimeControl "180+1"]
[EndTime "10:19:13 PDT"]
[Termination "frequentblunders won by resignation"]

1. e4 e6 2. d4 c5 3. d5 Nf6 4. Nc3 g6 5. e5 Nxd5 6. Nxd5 exd5 7. Qxd5 Bg7 8. Nf3 O-O 9. Bg5 Qb6 10. Bc4 Nc6 11. O-O Qxb2 12. Qxc5 Nxe5 13. Nxe5 Qxe5 14. Qxe5 Bxe5 15. Rae1 d6 16. f4 Bd4+ 17. Kh1 Bf5 18. Re7 Rae8 19. Rfe1 Rxe7 20. Rxe7 Be6 21. Bxe6 fxe6 22.
Rxb7 e5 23. g3 exf4 24. Bxf4 Be5 25. Bh6 Rc8 26. Rxa7 Rxc2 27. a4 Bd4 28. Ra8+ Kf7 29. a5 Ra2 30. a6 Ke6 31. Bf4 d5 32. Re8+ Kf5 33. Rd8 Ke4 34. Re8+ Kf3 35. Re1 Rxa6 36. Rf1+ Kg4 37. Rd1 Ra1 38. Rxa1 Bxa1 39. Kg2 Kf5 40. Kf3 Be5 41. g4+ Ke6 42. Be3 d4 43. Bf2 Kd5 44.
h3 Kc4 45. Ke2 d3+ 46. Kd2 Bf4+ 47. Kd1 Kd5 48. h4 Ke4 49. g5 Kf3 50. Be1 Bg3 51.
Bc3 Bxh4 52. Bf6 Kg4 53. Be5 Bxg5 54. Bd6 h5 55. Ke1 Kf3 56. Kd1 h4 57. Bc7 h3 58.
Bd6 Bf4 0-1

[Event "*** SCC Grand Prix: Titled Tuesday Blitz"]
[Site "Chess.com"]
[Date "2020.08.25"]
[Round "2"]
[White "emperor87"]
[Black "AJSC02"]
[Result "1-0"]
[WhiteElo "2664"]
[BlackElo "2298"]
[TimeControl "180+1"]
[EndTime "10:19:14 PDT"]
[Termination "emperor87 won on time"]

1. e4 c5 2. Nf3 Nc6 3. d4 cxd4 4.
Nxd4 Nf6 5. Nc3 e5 6. Ndb5 d6 7. Nd5 Nxd5 8. exd5 Nb8 9. c4 Be7 10. Be2 O-O 11. O-O a6 12. Nc3 f5 13. f3 Nd7 14. Be3 Bg5 15. Bf2 Qf6 16. b4 b6 17. a4 a5 18. Qb3 Qh6 19. Nb5 axb4 20. Qxb4 Nc5 21. a5 bxa5 22. Qa3 Nd7 23. Qxd6 Rf6 24. Qa3 e4 25. fxe4 fxe4 26. Bd4 Rg6 27.
Bg4 Bf4 28. Bh3 Nf6 29. Kh1 Bxh3 30. Qxh3 Qg5 31. Bg1 Rh6 32. Qe6+ Kh8 33. Ra2 Bxh2 34. Bxh2 Qg3 35. Qh3 Rxh3 36. gxh3 Qb3 37. Raa1 Qxc4 38. Nc7 Qd3 39. Rad1 Qxh3 40. Kg1 Rf8 41. Rd2 e3 42. Rg2 Qe6 43. Nxe6 1-0

[Event "*** SCC Grand Prix: Titled Tuesday Blitz"]
[Site "Chess.com"]
[Date "2020.08.25"]
[Round "2"]
[White "icychess54"]
[Black "SlavenPastar"]
[Result "1-0"]
[WhiteElo "2248"]
[BlackElo "2436"]
[TimeControl "180+1"]
[EndTime "10:19:14 PDT"]
[Termination "icychess54 won by checkmate"]

1. c4 e5 2. Nc3 Nc6 3. Nf3 g6 4. e3 Bg7 5. Be2 f5 6. O-O Nf6 7. d4 e4 8. Nd2 O-O 9. a3 d6 10. b4 Ne7 11. b5 Be6 12. Bb2 Qd7 13. a4 d5 14. cxd5 Nexd5 15. Nc4 Nxc3 16. Bxc3 Nd5 17. Bb2 f4 18. Ne5 Bxe5 19. dxe5 fxe3 20. fxe3 Nxe3 21.
Qxd7 Bxd7 22. Rfc1 c6 23. a5 cxb5 24. Rc7 Bc6 25. e6 Rfd8 26. Rg7+ Kf8 27. e7+ Ke8 28. exd8=Q+ Rxd8 29. Rg8+ Kd7 30. Rxd8+ Kxd8 31. Bd4 Nc2 32.
Rc1 Nxd4 33. Rd1 Kc7 34. Rxd4 b6 35. a6 Ba8 36. Bxb5 e3 37. Rd7+ Kb8 38. Rxh7 Be4 39. Re7 e2 40. Rxe4 g5 41. Rxe2 g4 42. Re7 g3 43.
Rb7+ Ka8 44. Bc6 gxh2+ 45. Kxh2 b5 46. Rxb5# 1-0

[Event "*** SCC Grand Prix: Titled Tuesday Blitz"]
[Site "Chess.com"]
[Date "2020.08.25"]
[Round "2"]
[White "GAusal"]
[Black "mamey78"]
[Result "0-1"]
[WhiteElo "2149"]
[BlackElo "2412"]
[TimeControl "180+1"]
[EndTime "10:19:14 PDT"]
[Termination "mamey78 won on time"]

1. e4 e5 2. f4 Qh4+ 3. g3 Qe7 4. fxe5 d6 5. Bg2 dxe5 6. Nf3 Nf6 7. Nc3 c6 8. O-O Qc7 9. d4 exd4 10. Bf4 Qb6 11. Qxd4 Bc5 12. Be3 Bxd4 13. Bxd4 c5 14. Bxf6 gxf6 15.
Nd5 Qc6 16. c4 Nd7 17. e5 Kf8 18. exf6 b6 19. Rae1 Bb7 20. Re7 Nxf6 21. Ng5 Qxd5 22. cxd5 Kxe7 23. d6+ Kxd6 24. Bxb7 Rab8 25. Rxf6+ Ke5 26.
Rxf7 Rhf8 27. Rxf8 Rxf8 28. Bc6 Rd8 29. Nxh7 Rd2 30.
h4 Rxb2 31. Ng5 c4 32. Nf3+ Kd6 33. Be8 c3 0-1

[Event "*** SCC Grand Prix: Titled Tuesday Blitz"]
[Site "Chess.com"]
[Date "2020.08.25"]
[Round "2"]
[White "grandcoach"]
[Black "Kaua18"]
[Result "0-1"]
[WhiteElo "2105"]
[BlackElo "2399"]
[TimeControl "180+1"]
[EndTime "10:19:14 PDT"]
[Termination "Kaua18 won on time"]

1. e4 c5 2. b4 cxb4 3. a3 Nf6 4. e5 Nd5 5. axb4 Nxb4 6. c3 N4a6 7. d4 d6 8. f4 g6 9. Nf3 Bg7 10. Bc4 O-O 11.
O-O d5 12. Bd3 Nc6 13. f5 Bxf5 14. Bxf5 gxf5 15. Qe1 e6 16. Bg5 Ne7 17. Qh4 Re8 18.
Na3 Qd7 19. Bf6 Ng6 20. Qh5 h6 21. Nh4 Kh7 22. Rf3 Bxf6 23. exf6 Qd8 24. Raf1 Qxf6 25. Nxf5 Qg5 26. Qh3 exf5 27. Rxf5 Qe3+ 28. Qxe3 Rxe3 29. Rxf7+ Kg8 30. Nb5 Re7 31. R7f6 Kg7 32. Nd6 Rd7 33. Re6 Rf8 34. Nf5+ Kh7 35. h4 Nc7 36. Re3 Rdf7 0-1

[Event "*** SCC Grand Prix: Titled Tuesday Blitz"]
[Site "Chess.com"]
[Date "2020.08.25"]
[Round "2"]
[White "Carnivoras"]
[Black "bazar-wokzal"]
[Result "0-1"]
[WhiteElo "2666"]
[BlackElo "2473"]
[TimeControl "180+1"]
[EndTime "10:19:15 PDT"]
[Termination "bazar-wokzal won by resignation"]

1. d4 Nf6 2. c4 Nc6 3. Nf3 e6 4. g3 Bb4+ 5. Nbd2 d6 6. Bg2 e5 7. d5 Bxd2+ 8. Nxd2 Ne7 9. O-O O-O 10. Rb1 c6 11.
dxc6 bxc6 12. b4 d5 13. b5 Bf5 14. Ra1 cxb5 15. cxb5 a6 16. Bb2 Ng6 17. bxa6 Rxa6 18. Nb3 d4 19. Qc1 Qb6 20. Qg5 Be4 21.
Rfc1 Bxg2 22. Kxg2 h6 23. Qf5 Rfa8 24. Rc8+ Kh7 25.
Rxa8 Rxa8 26. h4 h5 27. Bc1 Qb7+ 28. Kg1 Qe4 29. Qxe4 Nxe4 30. Bd2 Ne7 31. a4 Nd5 32. Be1 Nec3 33. a5 Nxe2+ 34. Kf1 Nec3 35. a6 Ra7 36. Nc5 Nb4 37. Ra4 Nxa4 38. Nxa4 Rxa6 39. Nc5 Ra1 0-1

[Event "*** SCC Grand Prix: Titled Tuesday Blitz"]
[Site "Chess.com"]
[Date "2020.08.25"]
[Round "2"]
[White "kobemagic"]
[Black "Spriteball"]
[Result "0-1"]
[WhiteElo "2415"]
[BlackElo "2226"]
[TimeControl "180+1"]
[EndTime "10:19:16 PDT"]
[Termination "Spriteball won by resignation"]

1. c4 e6 2. g3 d5 3. Bg2 Nf6 4.
Nf3 Be7 5. O-O O-O 6. b3 b6 7. Bb2 Bb7 8. d4 Nbd7 9. Ne5 Nxe5 10. dxe5 Ne4 11. Nc3 Nxc3 12. Bxc3 Qc8 13. cxd5 exd5 14. Rc1 Rd8 15. Bb2 d4 16. Bc6 Bxc6 17. Rxc6 Qb7 18.
Qc2 Bc5 19. Qe4 Re8 20. Rc1 Re6 21. b4 Qxc6 22. Qxc6 Rxc6 23. bxc5 Rxc5 24. Rd1 Rxe5 25. e3 Ra5 26. Rxd4 Rxa2 27. Bc3 a5 28. h4 a4 29. h5 h6 30. Rg4 a3 31. Rxg7+ Kf8 32. Bf6 Ra4 33. Rh7 Rg4 34. Rh8+ Rg8 35. Be7+ Kxe7 36.
Rxg8 Rb2 37. Rc8 a2 38. Rxc7+ Kd6 39. Ra7 Rb1+ 40. Kg2 a1=Q 0-1

[Event "*** SCC Grand Prix: Titled Tuesday Blitz"]
[Site "Chess.com"]
[Date "2020.08.25"]
[Round "2"]
[White "MikeSailer"]
[Black "KaterinaMiroshnik"]
[Result "0-1"]
[WhiteElo "2172"]
[BlackElo "2417"]
[TimeControl "180+1"]
[EndTime "10:19:17 PDT"]
[Termination "KaterinaMiroshnik won by resignation"]

1. d4 e6 2. Nf3 Nf6 3. Bf4 d5 4. e3 c5 5. c3 Nc6 6. Nbd2 Bd6 7. Bd3 O-O 8. O-O b6 9. Ne5 Bb7 10. Ndf3 Ne7 11. h3 Nf5 12. a3 Be7 13. b4 c4 14.
Bc2 Nd6 15. Nd2 a5 16. f3 axb4 17. axb4 Nb5 18. Rxa8 Qxa8 19. Nb1 Qa1 20. Qd2 Ra8 21.
Kh2 Ra2 22. Rf2 g6 23. Nxf7 Kxf7 24. Bxg6+ hxg6 25. Qxa2 Qxa2 26. Rxa2 Nh5 27. Be5 Ng7 28. Bg3 Nf5 29. Bf2 Bd6+ 30. f4 Bb8 31. g4 Nfd6 32. Be1 Ne4 33. Kg2 Kf6 34. Kf3 g5 35. fxg5+ Kxg5 36. h4+ Kf6 37. h5 Kg5 38. Rh2 Kh6 39.
Rg2 Ng5+ 40. Ke2 Bc6 41. Bg3 Bxg3 42. Rxg3 Ne4 43. Rf3 Nbxc3+ 44. Nxc3 Nxc3+ 45. Kd2 Ne4+ 46. Kc2 Ba4+ 47. Kc1 c3 48. Rf7 c2 49. Re7 Nc3 50. Rxe6+ Kg5 51. Re5+ Kh4 52. Kb2 Ne2 0-1

[Event "*** SCC Grand Prix: Titled Tuesday Blitz"]
[Site "Chess.com"]
[Date "2020.08.25"]
[Round "2"]
[White "Hikaru"]
[Black "Maksimus1998"]
[Result "1-0"]
[WhiteElo "3218"]
[BlackElo "2602"]
[TimeControl "180+1"]
[EndTime "10:19:18 PDT"]
[Termination "Hikaru won by resignation"]

1. Nf3 Nf6 2. b3 d5 3. Bb2 e6 4. e3 Be7 5. d4 O-O 6. Bd3 b6 7. Nbd2 Bb7 8. c4 Nbd7 9. cxd5 exd5 10. O-O Bd6 11. Ne5 Qe7 12. f4 a6 13. Rc1 c5 14.
Bf5 Rfe8 15. Ndf3 Bxe5 16. dxe5 Ne4 17. Bxe4 dxe4 18. Nd2 Red8 19. Qc2 f6 20. Nc4 fxe5 21. fxe5 Bd5 22. Rf4 Qe6 23. Qc3 Nf8 24. Nd6 Ng6 25. Rf2 Rf8 26. Qd2 Rxf2 27. Qxf2 Rf8 28. Qg3 Ne7 29.
Rd1 Nf5 30. Qh3 Nxd6 31. Qxe6+ Bxe6 32. Rxd6 Bg4 33. e6 Re8 34. Rd7 Bxe6 35. Rxg7+ Kf8 36. Rxh7 Bf7 37. Rh8+ Ke7 38. Rxe8+ Bxe8 39. g4 a5 40. Kf2 Bf7 41. Be5 b5 42. h4 a4 43.
bxa4 b4 44. a5 Bxa2 45. a6 Bd5 46. h5 Kf7 47. g5 c4 48. g6+ Ke6 49. h6 Kf5 50. h7 1-0

[Event "*** SCC Grand Prix: Titled Tuesday Blitz"]
[Site "Chess.com"]
[Date "2020.08.25"]
[Round "2"]
[White "VladimirBugayev"]
[Black "AndrewMaco"]
[Result "0-1"]
[WhiteElo "2307"]
[BlackElo "2724"]
[TimeControl "180+1"]
[EndTime "10:19:18 PDT"]
[Termination "AndrewMaco won on time"]

1. e4 c5 2. a3 e6 3. b4 b6 4.
c3 Bb7 5. d3 Nf6 6. f4 Be7 7.
Nf3 O-O 8. Be2 d6 9. O-O c4 10.
e5 dxe5 11. fxe5 cxd3 12. Bxd3 Nfd7 13. Bf4 Nc6 14. Qe2 a5 15. Nbd2 axb4 16. axb4 Rxa1 17. Rxa1 Qc7 18. Re1 Rd8 19. Nc4 Ba6 20. Nd6 Bxd3 21. Qxd3 Nf8 22. Qe4 Ng6 23. Nb5 Qd7 24.
Nbd4 Nxd4 25. Nxd4 Rc8 26. Bd2 Bf8 27. h4 h6 28. h5 Ne7 29. Re3 Nf5 30. Rd3 Nxd4 31. Rxd4 Qa7 32. Qg4 Kh8 33. Kh2 b5 34. Rd3 Rc4 35.
Rd4 Rxd4 36. cxd4 Qb7 37. Qf4 Kg8 38. g4 Qd5 39. Qe3 Qa2 40. Kh3 Qb1 41. Kg3 Bxb4 42. Bxb4 Qxb4 43. d5 exd5 44. e6 Qd6+ 45. Kh3 Qxe6 46.
Qc5 Qd7 47. Qb6 d4 48. Qb8+ Kh7 49. Qf4 d3 50. Qe4+ g6 0-1

[Event "*** SCC Grand Prix: Titled Tuesday Blitz"]
[Site "Chess.com"]
[Date "2020.08.25"]
[Round "2"]
[White "blitzking1729"]
[Black "GlennTipton"]
[Result "1/2-1/2"]
[WhiteElo "2667"]
[BlackElo "2437"]
[TimeControl "180+1"]
[EndTime "10:19:19 PDT"]
[Termination "Game drawn by repetition"]

1. d4 Nf6 2. Bg5 g6 3. Bxf6 exf6 4. e3 Bg7 5. g3 f5 6. Bg2 c5 7. Ne2 Qb6 8. Nbc3 O-O 9. O-O cxd4 10. Nd5 Qxb2 11.
Rb1 Qa3 12. Nc7 dxe3 13. Nxa8 exf2+ 14. Rxf2 Na6 15. Rb3 Qc5 16. c3 d6 17. Nd4 d5 18.
Kh1 Qd6 19. Nb5 Qb8 20. Bxd5 Qxa8 21. Nd6 Nc5 22. Rb5 Ne6 23. Re2 Qb8 24. Nxc8 Qxc8 25. Bxe6 fxe6 26. Qd6 Qxc3 27. Qxe6+ Kh8 28. Rxb7 a5 29. a4 Qa1+ 30. Kg2 Qxa4 31. Rd2 Re8 32. Qd7 Qe4+ 33. Kh3 Qg4+ 34. Kg2 Qe4+ 35. Kg1 Qe1+ 36. Kg2 Qe4+ 1/2-1/2

[Event "*** SCC Grand Prix: Titled Tuesday Blitz"]
[Site "Chess.com"]
[Date "2020.08.25"]
[Round "2"]
[White "Morshynska"]
[Black "stepanosinovsky"]
[Result "1-0"]
[WhiteElo "2189"]
[BlackElo "2391"]
[TimeControl "180+1"]
[EndTime "10:19:19 PDT"]
[Termination "Morshynska won on time"]

1. e4 d6 2. d4 e5 3. Nc3 Nf6 4. dxe5 dxe5 5. Qxd8+ Kxd8 6. Bc4 Be6 7. Bxe6 fxe6 8.
Nf3 Nbd7 9. a3 h6 10. h3 Bd6 11.
Be3 Ke7 12. Nb5 a6 13. Nxd6 cxd6 14. Nd2 Rac8 15. O-O-O Nh5 16. Nb3 Rhf8 17. Rd2 Nf4 18. g3 Ng2 19. Rhd1 Nxe3 20. fxe3 Nf6 21. Rxd6 Rc7 22. Rb6 Nxe4 23. Na5 Rf3 24. Nxb7 Rxe3 25. Nd6 Re2 26. Nxe4 Rxe4 27. c3 a5 28. Rdd6 Re3 29.
Rxe6+ Kf7 30. Rg6 Rd7 31. Rbd6 1-0

[Event "*** SCC Grand Prix: Titled Tuesday Blitz"]
[Site "Chess.com"]
[Date "2020.08.25"]
[Round "2"]
[White "SilviusTiberius"]
[Black "Arjun2002"]
[Result "0-1"]
[WhiteElo "2462"]
[BlackElo "2688"]
[TimeControl "180+1"]
[EndTime "10:19:20 PDT"]
[Termination "Arjun2002 won by resignation"]

1. e4 c5 2. Nf3 Nc6 3. d4 cxd4 4. Nxd4 Nf6 5. Nc3 h5 6. Bg5 Qa5 7. Bxf6 gxf6 8. Nb3 Qe5 9. g3 h4 10. f4 Qb8 11.
Bg2 e6 12. Qd2 b5 13. a4 b4 14. Nb5 a6 15. N5d4 Bb7 16. O-O-O Qc7 17. Kb1 Be7 18. Bf3 O-O-O 19. Nxc6 Bxc6 20. Be2 Kb7 21. Qd3 Ra8 22. a5 e5 23. fxe5 fxe5 24. Rhf1 f6 25. Qe3 hxg3 26. hxg3 d6 27. Bc4 Rac8 28. Bd5 Bxd5 29. Rxd5 Qxc2+ 30. Ka2 Qc6 31. Rc1 Qa4+ 32. Kb1 Rxc1+ 33. Nxc1 Qc6 34. Qb3 Rh1 35. Qxb4+ Ka7 36. Qb6+ Qxb6 37. axb6+ Kxb6 38. Rd3 Re1 39. Rb3+ Kc6 40. Kc2 Rxe4 41. Nd3 d5 42. Rc3+ Rc4 43. Rxc4+ dxc4 44. Nf2 f5 45. g4 f4 46. Kc3 Kd5 47. b3 cxb3 48. Kxb3 e4 0-1

[Event "*** SCC Grand Prix: Titled Tuesday Blitz"]
[Site "Chess.com"]
[Date "2020.08.25"]
[Round "2"]
[White "azikom"]
[Black "tylityli"]
[Result "1-0"]
[WhiteElo "2614"]
[BlackElo "2200"]
[TimeControl "180+1"]
[EndTime "10:19:20 PDT"]
[Termination "azikom won on time"]

1. e4 e5 2. Nc3 Nf6 3. Bc4 Nc6 4.
d3 Na5 5. Nge2 Be7 6. Ng3 d6 7. a4 Nxc4 8. dxc4 O-O 9. O-O c6 10.
b3 a5 11. Ba3 Qc7 12. Qd3 Be6 13. Nf5 Bxf5 14. exf5 Rfd8 15. Rfe1 d5 16. Bxe7 Qxe7 17.
cxd5 Nxd5 18. Ne4 Nf4 19. Qf3 f6 20. g3 Nd5 21. h4 Nb4 22. Re2 Rd7 23. Kg2 Rad8 24.
Qc3 Rd1 25. Rxd1 Rxd1 26. Qc4+ Qf7 27. Qc5 Qd5 28. h5 Rd4 29. Qxd5+ Rxd5 30. g4 h6 31. f3 Kf7 32. Kf2 Ke7 33. c3 Nd3+ 34. Ke3 Nf4 35. Rd2 b6 36. b4 1-0

[Event "*** SCC Grand Prix: Titled Tuesday Blitz"]
[Site "Chess.com"]
[Date "2020.08.25"]
[Round "2"]
[White "David_Klein"]
[Black "Phenix2k"]
[Result "1-0"]
[WhiteElo "2609"]
[BlackElo "2100"]
[TimeControl "180+1"]
[EndTime "10:19:20 PDT"]
[Termination "David_Klein won by resignation"]

1. e4 c5 2. Nf3 e6 3. g3 Nc6 4.
Bg2 Nf6 5. Qe2 e5 6. c3 Be7 7. a3 a5 8. a4 O-O 9. Na3 Re8 10. O-O d5 11. d3 d4 12. Nc4 Nd7 13.
Nfd2 Nf8 14. f4 exf4 15. gxf4 f5 16. e5 Be6 17. Kh1 Kh8 18. Nf3 dxc3 19. bxc3 h6 20. Rb1 Rb8 21. Be3 Nh7 22. d4 cxd4 23. cxd4 Nb4 24. Bd2 Qd5 25. Ne3 Qa2 26. Ra1 Qb3 27.
Rfb1 Qd3 28. Qxd3 Nxd3 29. d5 Bg8 30. Nxf5 Bxd5 31. Bxa5 Nxf4 32. Nxe7 Rxe7 33. Nh4 Nxg2 34. Nxg2 Rxe5 35. Rb2 Rbe8 36. Kg1 Ng5 37. Nf4 Bf7 38.
Rxb7 Rxa5 39. h4 Nf3+ 40. Kf2 Rf5 41. Kg3 Rxf4 42. Kxf4 Bd5 43. Rb5 Ba8 44. a5 Nxh4 45.
a6 Ng6+ 46. Kg3 Re3+ 47. Kf2 Re8 48. a7 Rf8+ 49. Ke3 Re8+ 50. Kf2 Rf8+ 51. Ke1 Re8+ 52. Kd2 Rd8+ 53. Kc3 Nf4 54. Rb8 Nd5+ 55. Kd4 1-0